 Dungeon Crawl Stone Soup version 0.21.1-1-g345015fe64 (webtiles) character file.

9989 3rdEnemy the Markscentaur (level 11, -1/90 HPs)
             Began as a Centaur Hunter on July 24, 2018.
             Was a High Priest of Okawaru.
             Killed from afar by an electric eel (12 damage)
             ... with a bolt of electricity
             ... on level 10 of the Dungeon.
             The game lasted 00:44:21 (10385 turns).

3rdEnemy the Markscentaur (Centaur Hunter)         Turns: 10385, Time: 00:44:21

Health: -1/90      AC:  8    Str: 22    XL:     11   Next: 30%
Magic:  15/15      EV:  6    Int: 10    God:    Okawaru [*****.]
Gold:   388        SH:  0    Dex: 10    Spells: 10/10 levels left

rFire    + + .     SeeInvis .   a - +1 flail (venom)
rCold    + . .     Gourm    .   (no shield)
rNeg     . . .     Faith    .   c - +1 chain mail of Virtue {rF+ MR- Str+4 Stlth+}
rPois    .         Spirit   .   (no helmet)
rElec    .         Reflect  .   r - scarf {rC+ rF+}
rCorr    .         Harm     .   (no gloves)
MR       .....                  (no barding)
Stlth    ..........             (no amulet)
HPRegen  0.25/turn              (no ring)
MPRegen  0.14/turn              (no ring)

@: heavily drained, very quick
A: large, hooves 3, deformed body, speed 2, tough skin 3
a: Heroism, Finesse, Renounce Religion


You were on level 10 of the Dungeon.
You worshipped Okawaru.
Okawaru was extremely pleased with you.
You were not hungry.

You visited 2 branches of the dungeon, and saw 11 of its levels.

You collected 514 gold pieces.
You spent 126 gold pieces at shops.

Inventory:

Hand Weapons
 a - a +1 flail of venom (weapon)
 b - a +4 shortbow of flaming
Missiles
 d - 2 arrows
 j - 85 bolts
Armour
 c - the +1 chain mail of Virtue (worn) {rF+ MR- Str+4 Stlth+}
   (Okawaru gifted it to you on level 10 of the Dungeon)

   It affects your strength (+4).
   It protects you from fire.
   It affects your resistance to hostile enchantments.
   It makes you more stealthy.
 r - a scarf of resistance (worn)
Wands
 i - a wand of flame (42)
 m - a wand of iceblast (11)
 p - a wand of polymorph (14)
 s - a wand of enslavement (24)
Scrolls
 e - 13 scrolls of identify
 g - 7 scrolls of teleportation
 l - 2 scrolls of fear
 o - 2 scrolls of remove curse
Potions
 k - 7 potions of curing
 q - a potion of might
Comestibles
 f - 14 rations
 h - 7 chunks of flesh


   Skills:
 + Level 6.3(3.9) Fighting
 - Level 17.5(14.3) Bows
 - Level 4.0(1.8) Armour
 - Level 4.0(1.8) Dodging
 - Level 0.5(0.0) Stealth
 * Level 5.7(3.3) Invocations


You had 10 spell levels left.
You didn't know any spells.

Dungeon Overview and Level Annotations

Branches:
Dungeon (10/15)            Temple (1/1) D:4            Lair (0/6) D:9
    Orc (0/2) D:9

Altars:
Ashenzari
Cheibriados
Dithmenos
Elyvilon
Fedhas
Hepliaklqana
Kikubaaqudgha
Makhleb
Nemelex Xobeh
Okawaru
Qazlal
Ru
Sif Muna
Trog
Uskayaw
Vehumet
Wu Jian
Xom
Yredelemnul
Zin
The Shining One

Shops:
D:5 *

Annotations:
D:10 Nergalle


Innate Abilities, Weirdness & Mutations

You have hooves in place of feet.
Armour fits poorly on your strangely shaped body.
You cover ground very quickly.
You have extremely tough skin. (AC +3)


Message History

The spectral orc warrior hits you but does no damage.
Nergalle barely misses you.
The spectral orc warrior hits you but does no damage.
You climb downwards.
The spectral orc warrior disappears in a puff of smoke! x2
The spectral orc knight disappears in a puff of smoke!
The spectral orc warrior disappears in a puff of smoke! x2
The phantom hits you but does no damage.
The iguana bites you!
* * * LOW HITPOINT WARNING * * *
The phantom hits you but does no damage.
There is a stone staircase leading up, spattered with blood here.
Nergalle hits you but does no damage.
The phantom blinks!
Some of the chunks of flesh in your inventory have rotted away.
You see here a sky beast corpse.
An electric eel comes into view.
The electric eel shoots out a bolt of lightning at you!
The bolt of electricity hits you!
You die...

..#..≈..P.≈♣≈≈≈PP.P#.
.#.P.≈≈≈≈≈≈≈ P..P.#.
...≈≈♣P;PP≈. ......
######.P.PP.P.;≈ ?#.....
#.#................ ......
#.#....=!.....?##.# #....
#...........##.#..# ##.#.
#.......@..##(..# ##....
#...............####.....
#..........##.........).
#####.........####..........
#.............l†.lo(.(....((
#..............##......<(...
#...............#...........
#............#.........[....
#...........................


You could see an iguana and 2 electric eels.

Vanquished Creatures
  Harold (D:10)
  Erica (D:8)
  2 two-headed ogres
  A troll (D:9)
  Prince Ribbit (D:7)
  Grinder (D:5)
  A hippogriff (D:6)
  Sigmund (D:3)
  A wyvern (D:9)
  Grum (D:8)
  A human (D:5)
  2 hungry ghosts
  Duvessa (D:5)
  3 porcupines (D:9)
  6 ice beasts
  3 orc warriors
  2 black bears
  3 sky beasts
  3 centaurs
  4 ogres
  2 phantoms
  4 wolves (D:8)
  A crocodile (D:8)
  3 gnoll sergeants
  8 bullfrogs
  Dowan (D:5)
  A wyvern skeleton (D:8)
  2 scorpions (D:5)
  4 wights
  7 crimson imps
  3 howler monkeys (D:8)
  A bullfrog zombie (D:8)
  4 hounds
  A human zombie (D:5)
  9 orc priests
  A jelly (D:7)
  13 orc wizards
  Ijyb (D:4)
  2 iguanas
  5 worker ants
  17 gnolls
  8 adders
  2 shadow imps
  9 oozes
  2 adder zombies
  5 worms
  3 dart slugs
  6 leopard geckos
  41 orcs
  8 bats
  10 giant cockroaches
  11 goblins
  6 hobgoblins
  10 jackals
  7 kobolds
  4 quokkas
  A ball python skeleton (D:6)
  7 frilled lizards
  A jackal skeleton (D:9)
  A leopard gecko skeleton (D:5)
  A leopard gecko zombie (D:7)
  2 quokka skeletons
  2 quokka zombies (D:5)
  12 rats
288 creatures vanquished.

Vanquished Creatures (others)
  An ooze (D:2)
  An orc (D:2)
  A frilled lizard (D:2)
3 creatures vanquished.

Grand Total: 291 creatures vanquished

Notes
Turn   | Place    | Note
-------+----------+-------------------------------------------
     0 | D:1      | 3rdEnemy the Centaur Hunter began the quest for the Orb.
     0 | D:1      | Reached XP level 1. HP: 17/17 MP: 1/1
     1 | D:1      | Found a runed door.
    90 | D:1      | Reached XP level 2. HP: 20/24 MP: 2/2
   735 | D:1      | Reached XP level 3. HP: 25/30 MP: 3/3
   762 | D:1      | Reached skill level 1 in Armour
   934 | D:2      | Reached XP level 4. HP: 22/37 MP: 4/4
   968 | D:2      | Reached skill level 6 in Bows
  1320 | D:2      | Found a radiant altar of Vehumet.
  1453 | D:2      | Found a glowing silver altar of Zin.
  1460 | D:2      | Noticed a bullfrog
  1486 | D:2      | Killed a bullfrog
  1486 | D:2      | Reached XP level 5. HP: 36/45 MP: 5/5
  1768 | D:2      | Found a glowing golden altar of the Shining One.
  2099 | D:3      | Noticed Sigmund
  2170 | D:3      | Killed Sigmund
  2170 | D:3      | Reached XP level 6. HP: 28/52 MP: 6/6
  2488 | D:3      | Reached skill level 7 in Bows
  2941 | D:4      | Reached XP level 7. HP: 49/59 MP: 7/7
  2942 | D:4      | Found a snail-covered altar of Cheibriados.
  3632 | D:4      | Found a staircase to the Ecumenical Temple.
  3682 | Temple   | Entered the Ecumenical Temple
  3701 | Temple   | Became a worshipper of Warmaster Okawaru
  4125 | D:4      | Noticed Ijyb
  4166 | D:4      | Killed Ijyb
  4328 | D:4      | Reached skill level 8 in Bows
  4331 | D:4      | Reached skill level 5 in Fighting
  4464 | D:4      | Found a basalt altar of Yredelemnul.
  4523 | D:5      | Entered Level 5 of the Dungeon
  4545 | D:5      | Found a blossoming altar of Fedhas.
  4859 | D:5      | Reached skill level 9 in Bows
  4871 | D:5      | Reached XP level 8. HP: 46/68 MP: 8/8
  4968 | D:5      | Found Riattana's Assorted Antiques.
  4976 | D:5      | Bought a glowing shortbow for 126 gold pieces
  5058 | D:5      | Found a runed door.
  5063 | D:5      | Found a basalt altar of Yredelemnul.
  5141 | D:5      | Reached * piety under Okawaru
  5141 | D:5      | Reached skill level 10 in Bows
  5215 | D:5      | Noticed Grinder
  5242 | D:5      | Reached skill level 11 in Bows
  5258 | D:5      | Killed Grinder
  5394 | D:5      | Reached skill level 12 in Bows
  5419 | D:5      | Reached ** piety under Okawaru
  5592 | D:5      | Found a bloodstained altar of Trog.
  5659 | D:5      | Noticed Duvessa
  5659 | D:5      | Noticed Dowan
  5677 | D:5      | Killed Duvessa
  5686 | D:5      | Killed Dowan
  5686 | D:5      | Reached XP level 9. HP: 31/74 MP: 9/9
  6278 | D:6      | Reached skill level 13 in Bows
  6757 | D:6      | Found a stormy altar of Qazlal.
  6954 | D:7      | Reached skill level 14 in Bows
  7007 | D:7      | Reached *** piety under Okawaru
  7084 | D:7      | Noticed Prince Ribbit
  7093 | D:7      | Killed Prince Ribbit
  7149 | D:7      | Reached skill level 15 in Bows
  7894 | D:8      | Reached XP level 10. HP: 69/81 MP: 10/10
  7899 | D:8      | Reached skill level 16 in Bows
  7902 | D:8      | Noticed Grum
  7907 | D:8      | Noticed Erica
  7911 | D:8      | Killed Grum
  7911 | D:8      | Reached **** piety under Okawaru
  8253 | D:8      | Found a shadowy altar of Dithmenos.
  8253 | D:8      | Found a stormy altar of Qazlal.
  8258 | D:8      | Found a faded altar of an unknown god.
  8264 | D:8      | Found a sparkling altar of Nemelex Xobeh.
  8265 | D:8      | Found a faded altar of an unknown god.
  8346 | D:8      | Killed Erica
  8346 | D:8      | Reached skill level 17 in Bows
  9125 | D:9      | Found a staircase to the Orcish Mines.
  9204 | D:9      | Reached skill level 1 in Invocations
  9335 | D:9      | Reached ***** piety under Okawaru
  9389 | D:9      | Found an iron altar of Okawaru.
  9533 | D:9      | Found a staircase to the Lair.
  9543 | D:9      | Received a gift from Okawaru
  9573 | D:9      | Found an ornate altar of the Wu Jian Council.
  9666 | D:9      | Found a hazy altar of Hepliaklqana.
  9757 | D:9      | Noticed a two-headed ogre
  9770 | D:9      | Killed a two-headed ogre
  9770 | D:9      | Reached XP level 11. HP: 89/89 MP: 12/14
 10010 | D:10     | Entered Level 10 of the Dungeon
 10012 | D:10     | Received a gift from Okawaru
 10025 | D:10     | Got a pitted chain mail {god gift}
 10036 | D:10     | Identified the +1 chain mail of Virtue {rF+ MR- Str+4 Stlth+} (Okawaru gifted it to you on level 10 of the Dungeon)
 10148 | D:10     | Noticed a two-headed ogre
 10156 | D:10     | Killed a two-headed ogre
 10184 | D:10     | Reached skill level 5 in Invocations
 10186 | D:10     | Noticed Harold
 10213 | D:10     | Killed Harold
 10247 | D:10     | Noticed Nergalle
 10385 | D:10     | Killed from afar by an electric eel

Skill      XL: |  1  2  3  4  5  6  7  8  9 10 11 |
---------------+----------------------------------+-----
Armour         | 1 2 3 4 |  4.0
Dodging        | 2 3 4 |  4.0
Bows           | 6 7 9 12 15 17 | 17.5
Fighting       | 3 4 5 6 |  6.3
Invocations    | 4 5 |  5.7
Stealth        | |  0.5

Action                   |  1- 3 |  4- 6 |  7- 9 | 10-12 || total
-------------------------+-------+-------+-------+-------++-------
Melee: Short sword       |    51 |    28 |       |       ||    79
       Kick              |    17 |    25 |    12 |     9 ||    63
       Flail             |       |    98 |    81 |    37 ||   216
 Fire: Shortbow          |    50 |    37 |   377 |   293 ||   757
Invok: Heroism           |       |       |       |     1 ||     1
  Use: Potion            |       |     5 |     3 |     3 ||    11
       Scroll            |       |     5 |     4 |     2 ||    11
  Eat: Chunk             |       |     5 |     8 |     7 ||    20
       Ration            |       |       |     1 |       ||     1
Armor: Leather armour    |    22 |       |       |       ||    22
       Scale mail        |     2 |    79 |    79 |    25 ||   185
       Chain mail        |       |       |       |    16 ||    16
Dodge: Dodged            |    28 |    58 |    86 |    39 ||   211
